 Dungeon Crawl Stone Soup version 0.22.1-5-g62c59d919a (webtiles) character file.

55 SeriosSam the Scratcher (level 3, -1/15 HPs)
             Began as a Felid Transmuter on Jan 10, 2019.
             Slain by a jackal (3 damage)
             ... on level 2 of the Dungeon.
             The game lasted 00:06:50 (1988 turns).

SeriosSam the Scratcher (Felid Transmuter)          Turns: 1988, Time: 00:06:50

Health: -1/15      AC:  1    Str:  6    XL:     3   Next: 67%
Magic:  7/7        EV: 19    Int: 15    God:
Gold:   97         SH:  0    Dex: 16    Spells: 6/7 levels left
                                        Lives:  0   Deaths: 1

rFire    . . .     SeeInvis +     - Unarmed
rCold    . . .     Gourm    .   (shield unavailable)
rNeg     . . .     Faith    .   (armour unavailable)
rPois    .         Spirit   .   (helmet unavailable)
rElec    .         Reflect  .   (cloak unavailable)
rCorr    .         Harm     .   (gloves unavailable)
MR       .....                  (boots unavailable)
Stlth    ++........             (no amulet)
HPRegen  0.05/turn              (no ring)
MPRegen  0.10/turn              (no ring)

@: quick
A: very small, no armour, no weapons or thrown items, stealth, claws 1, fangs 3,
see invisible, carnivore, speed 1, shaggy fur 1, slow metabolism 1, sharp paws
a: no special abilities


You were on level 2 of the Dungeon.
You were not hungry.

You visited 1 branch of the dungeon, and saw 2 of its levels.

You collected 97 gold pieces.

Inventory:

Missiles
 a - 33 arrows
Jewellery
 i - an uncursed ring of flight {unknown}
Scrolls
 d - a scroll of identify {unknown}
 f - a scroll of amnesia {unknown}
 g - a scroll of magic mapping {unknown}
 h - a scroll of fog {unknown}
Potions
 b - 2 potions of curing {unknown}
 e - a potion of flight {unknown}
Comestibles
 c - 4 rations


   Skills:
 + Level 1.1 Fighting
 + Level 3.4 Dodging
 + Level 1.5 Stealth
 + Level 3.8 Unarmed Combat
 + Level 2.6 Spellcasting
 + Level 3.2 Transmutations


You had 6 spell levels left.
You knew the following spells:

 Your Spells              Type           Power        Failure   Level  Hunger
a - Beastly Appendage     Tmut           ##....       5%          1    #......

Your spell library contained the following spells:

 Spells                   Type           Power        Failure   Level  Hunger
 Sticks to Snakes         Tmut           ##......     9%          2    ###....
 Spider Form              Tmut/Pois      #.........   32%         3    ###....
 Ice Form                 Ice/Tmut       #.......     71%         4    #####..
 Blade Hands              Tmut           ##........   83%         5    ######.


Dungeon Overview and Level Annotations

Branches:
Dungeon (2/15)

Altars:
Cheibriados
Elyvilon
Nemelex Xobeh
Trog
Vehumet
Yredelemnul


Innate Abilities, Weirdness & Mutations

You cannot wear armour.
You are incapable of wielding weapons or throwing items.
Your paws allow you to move quietly. (Stealth)
You have sharp claws.
You have razor-sharp teeth.
You have supernaturally acute eyesight. (SInv)
You are carnivorous and can eat meat at any time.
You cover ground quickly.
You are covered in fur. (AC +1)
You have a slow metabolism.
Your sharp claws are effective at attacking unaware monsters.


Message History

You barely miss Robin.
Robin zaps a wand.
You hit Robin but do no damage.
Robin's horned helmet rattles.
Robin hits you but does no damage.
You smack Robin!
Robin is heavily wounded.
Robin zaps a wand.
You resist with some effort.
You smack Robin!
You kill Robin!
You cannot move.
You start resting.
Your transformation is almost over.
You start resting.
A jackal comes into view.
A jackal is nearby!
A jackal is nearby!
You feel less wooden.
Items here: ( ))))) †††† The jackal bites you.
You die...

## #. #. ######### #.
#.......# ## # #.......# #
..#.##########.......####
........@................
#.......h######.......###.
#..#.###.##...........# #.
#.## #.##...........# #.
##.#... #.##...........# #.
#......####.##...........###.
#.>....)()...................
#......####..................
....... ##########....####.


You could see a jackal.

Vanquished Creatures
  Robin (D:2)
  4 adders (D:2)
  An ooze (D:1)
  A dart slug (D:1)
  5 bats
  2 giant cockroaches
  14 goblins
  6 hobgoblins
  3 jackals (D:1)
  3 kobolds
  2 frilled lizards (D:1)
  2 rats (D:1)
44 creatures vanquished.

Notes
Turn   | Place    | Note
-------+----------+-------------------------------------------
     0 | D:1      | SeriosSam the Felid Transmuter began the quest for the Orb.
     0 | D:1      | Reached XP level 1. HP: 9/9 MP: 4/4
   141 | D:1      | Reached XP level 2. HP: 4/12 MP: 3/6
  1179 | D:2      | Found a radiant altar of Vehumet.
  1210 | D:2      | Reached XP level 3. HP: 12/15 MP: 5/7
  1509 | D:2      | Found a snail-covered altar of Cheibriados.
  1514 | D:2      | Found a white marble altar of Elyvilon.
  1516 | D:2      | Found a bloodstained altar of Trog.
  1516 | D:2      | Found a sparkling altar of Nemelex Xobeh.
  1520 | D:2      | Found a basalt altar of Yredelemnul.
  1723 | D:2      | Reached skill level 1 in Stealth
  1723 | D:2      | Reached XP level 4. HP: 19/19 MP: 6/8
  1787 | D:2      | Noticed Robin
  1806 | D:2      | Slain by a goblin
  1807 | D:2      | Reached XP level 3. HP: -1/15 MP: 7/7
  1962 | D:2      | Killed Robin
  1988 | D:2      | Slain by a jackal

Skill      XL: |  1  2  3 |
---------------+----------+-----
Dodging        | 3 |  3.4
Transmutations | 3 |  3.2
Stealth        | 1 |  1.5
Fighting       | |  1.1
Unarmed Combat | |  3.8
Spellcasting   | |  2.6

Action                   |  1- 3 |  4- 6 || total
-------------------------+-------+-------++-------
Melee: Unarmed           |   106 |    16 ||   122
       Headbutt          |    14 |     1 ||    15
       Bite              |     4 |       ||     4
       Punch             |     1 |       ||     1
 Cast: Beastly Appendage |    18 |     2 ||    20
 Stab: Sleeping          |     2 |       ||     2
Armor: Skin              |     4 |     1 ||     5
Dodge: Dodged            |    86 |    16 ||   102
